 Dungeon Crawl Stone Soup version 0.21.1-1-g345015f (webtiles) character file.

121 tyranidshit the Skirmisher (level 4, 0/39 HPs)
             Began as a Demonspawn Abyssal Knight on July 30, 2018.
             Was a Believer of Lugonu.
             Killed from afar by an orc wizard (4 damage)
             ... with a puff of flame
             ... on level 3 of the Dungeon.
             The game lasted 00:05:08 (2188 turns).

tyranidshit the Skirmisher (DsAK)                   Turns: 2188, Time: 00:05:09

Health: 0/39       AC:  7    Str: 12 (14) XL:     4   Next: 76%
Magic:  5/5        EV:  9    Int: 12 (13) God:    Lugonu [**....]
Gold:   161        SH:  3    Dex: 12      Spells: 3/3 levels left

rFire    + . .     SeeInvis .   a - +2 hand axe
rCold    . . .     Gourm    .   (no shield)
rNeg     . . .     Faith    .   k - +0 scale mail
rPois    .         Spirit   .   (no helmet)
rElec    .         Reflect  +   (no cloak)
rCorr    .         Harm     .   (no gloves)
MR       .....                  l - +0 pair of boots
Stlth    +.........             e - +3 amulet of reflection
HPRegen  0.13/turn              d - ring of protection from fire
MPRegen  0.09/turn              (no ring)

@: slowed, very slow
A: talons 1, nightstalker 1, rot immunity
a: Depart the Abyss, Bend Space, Renounce Religion


You were on level 3 of the Dungeon.
You worshipped Lugonu.
Lugonu was pleased with you.
You were not hungry.

You visited 1 branch of the dungeon, and saw 3 of its levels.
You visited the Abyss 1 time.

You collected 161 gold pieces.

Inventory:

Hand Weapons
 a - a +2 hand axe (weapon)
Armour
 b - a +0 leather armour
 i - a +0 ring mail
 k - a +0 scale mail (worn)
 l - a +0 pair of boots (worn)
Jewellery
 d - a ring of protection from fire (left hand)
 e - a +3 amulet of reflection (around neck)
Scrolls
 f - 3 scrolls of identify
 g - 2 scrolls of enchant weapon
 h - 6 scrolls of remove curse
 j - a scroll of amnesia
Comestibles
 c - 6 rations


   Skills:
 - Level 5.3 Fighting
 - Level 1.7 Axes
 + Level 2.1 Armour
 - Level 0.8 Dodging
 - Level 2.4 Invocations


You had 3 spell levels left.
You didn't know any spells.

Dungeon Overview and Level Annotations

Branches:
Dungeon (3/15)

Altars:


Innate Abilities, Weirdness & Mutations

You have sharp toenails.
You are slightly more attuned to the shadows.
You are immune to rotting.


Message History

The orc barely misses you.
You barely miss the orc wizard.
The orc wizard is heavily wounded.
You hit the orc wizard. You hit the orc. The orc wizard barely misses you.
The orc wizard hits you with a dagger. The orc hits you with a mace.
* * * LOW HITPOINT WARNING * * *
Unknown command.
You hit the orc wizard.
The orc wizard is severely wounded.
You hit the orc but do no damage. You hit the orc wizard.
The orc wizard gestures at you while chanting.
The magic dart hits you!
* * * LOW HITPOINT WARNING * * *
The orc wizard points at you and mumbles some strange words.
You feel yourself slow down. The orc hits you but does no damage.
You aren't carrying any potions.
Unknown command.
The orc wizard casts a spell at you. The puff of flame hits you! You resist.
You die...

.# .. #. ## #. ##...
#.## ###...#
#..###ooo#
#.##..#####..
###.[.o.@....$#
#######..(#(#########
###........##.)#
....#...######..#
......### #.# #...###
.. ....# #.# #...# .#
....#


You could see 2 orc wizards.

Vanquished Creatures
  3 adders
  2 oozes
  5 worms
  2 dart slugs
  4 leopard geckos
  An orc (D:3)
  10 bats
  4 giant cockroaches
  6 goblins
  6 hobgoblins
  4 jackals
  A ball python (D:1)
  2 frilled lizards
  9 kobolds
  5 rats
64 creatures vanquished.

Notes
Turn   | Place    | Note
-------+----------+-------------------------------------------
     0 | Abyss:1  | tyranidshit the Demonspawn Abyssal Knight began the quest for the Orb.
     0 | Abyss:1  | Reached XP level 1. HP: 18/18 MP: 2/2
   161 | Abyss:1  | Noticed a starcursed mass
   163 | D:1      | Escaped the Abyss
   374 | D:1      | Reached * piety under Lugonu
   374 | D:1      | Gained mutation: You are slightly more attuned to the shadows. [demonic ancestry]
   374 | D:1      | Reached XP level 2. HP: 14/24 MP: 3/3
   799 | D:1      | Reached skill level 4 in Fighting
   982 | D:1      | Gained mutation: You have sharp toenails. [demonic ancestry]
   982 | D:1      | Reached XP level 3. HP: 11/30 MP: 4/4
  1604 | D:2      | Gained mutation: You are immune to rotting. [demonic ancestry]
  1604 | D:2      | Reached XP level 4. HP: 29/38 MP: 5/5
  1612 | D:2      | Reached skill level 5 in Fighting
  1978 | D:3      | Reached ** piety under Lugonu
  2188 | D:3      | Killed from afar by an orc wizard

Skill      XL: |  1  2  3  4 |
---------------+-------------+-----
Fighting       | 4 5 |  5.3
Armour         | 2 |  2.1
Axes           | |  1.7
Dodging        | |  0.8
Invocations    | |  2.4

Action                   |  1- 3 |  4- 6 || total
-------------------------+-------+-------++-------
Melee: Hand axe          |    95 |    73 ||   168
       Kick              |     7 |    13 ||    20
Invok: Depart the Abyss  |     1 |       ||     1
  Use: Scroll            |     7 |       ||     7
       Potion            |     1 |     3 ||     4
 Stab: Sleeping          |     2 |     1 ||     3
       Distracted        |     1 |       ||     1
  Eat: Ration            |     1 |     1 ||     2
Armor: Leather armour    |     5 |       ||     5
       Ring mail         |    40 |    15 ||    55
       Scale mail        |       |    18 ||    18
Dodge: Dodged            |    73 |    52 ||   125
Block: Other             |    13 |    14 ||    27
       Reflection        |     1 |       ||     1
